[Event "ESTCC 50 2019"]
[Site "Mali Losinj"]
[Date "2019.09.26"]
[Round "9.8"]
[White "Ibragimov, Ildar"]
[Black "Salter, David"]
[Result "1-0"]
[ECO "C10"]
[WhiteElo "2537"]
[BlackElo "1882"]
[Annotator "ChessBase"]
[PlyCount "45"]
[EventDate "2019.09.18"]
[EventType "team-tourn"]
[EventCountry "CRO"]
[SourceTitle "playchess.com"]
[Source "ChessBase"]
[SourceQuality "1"]
[WhiteTeam "Russia"]
[BlackTeam "Ireland"]
[WhiteTeamCountry "RUS"]
[BlackTeamCountry "IRL"]
[TimeControl "40/5400+30:1800+30"]

1. e4 e6 2. d4 d5 3. Nc3 Nc6 4. Nf3 Nf6 5. e5 Ne4 6. Bd3 f5 7. exf6 Nxf6 8. O-O Bd6 9. Nb5 O-O 10. Re1 Bd7 11. c3 Qe7 12. Bg5 a6 13. Nxd6 cxd6 14. Bh4 Na5 15. Ng5 g6 16. f4 h6 17. Nxe6 Bxe6 18. f5 g5 19. Rxe6 Qf7 20. Bg3 Rfe8 21. Qe2 Ne4 22. Bxe4 dxe4 23. Rg6+ 1-0

[Event "ESTCC 50 2019"]
[Site "Mali Losinj"]
[Date "2019.09.26"]
[Round "9.9"]
[White "Mikhalchishin, Adrian"]
[Black "Lauritzen, Einar"]
[Result "1-0"]
[ECO "B38"]
[WhiteElo "2465"]
[BlackElo "1990"]
[Annotator "ChessBase"]
[PlyCount "71"]
[EventDate "2019.09.18"]
[EventType "team-tourn"]
[EventCountry "CRO"]
[SourceTitle "playchess.com"]
[Source "ChessBase"]
[SourceQuality "1"]
[WhiteTeam "Slovenia"]
[BlackTeam "Norway"]
[WhiteTeamCountry "SLO"]
[BlackTeamCountry "NOR"]
[TimeControl "40/5400+30:1800+30"]

1. Nf3 Nf6 2. c4 c5 3. Nc3 Nc6 4. d4 cxd4 5. Nxd4 g6 6. e4 d6 7. Be2 Bg7 8. Be3 O-O 9. O-O Bd7 10. f3 Rc8 11. Qd2 a6 12. Rac1 Nxd4 13. Bxd4 Bc6 14. b4 b6 15. Rfd1 Qc7 16. Qe3 Nd7 17. Nd5 Bxd5 18. Bxg7 Kxg7 19. cxd5 Qb7 20. Rc3 b5 21. Rdc1 Kg8 22. Kf1 Nb6 23. Rc6 Rxc6 24. Rxc6 Rb8 25. h4 h5 26. a3 Kg7 27. Qc3+ Kg8 28. Rc7 Qa8 29. Rxe7 Rb7 30. Rc7 Qa7 31. Rc6 Qb8 32. Qf6 Rd7 33. Kf2 Nc4 34. Bxc4 bxc4 35. Rxc4 Qb6+ 36. Kg3 1-0

[Event "ESTCC 50 2019"]
[Site "Mali Losinj"]
[Date "2019.09.26"]
[Round "9.10"]
[White "Olsen, Oystein Leif"]
[Black "Mohr, Georg"]
[Result "0-1"]
[ECO "C02"]
[WhiteElo "1974"]
[BlackElo "2445"]
[Annotator "NA"]
[PlyCount "56"]
[EventDate "2019.09.18"]
[EventType "team-tourn"]
[EventCountry "CRO"]
[SourceTitle "playchess.com"]
[Source "ChessBase"]
[SourceQuality "1"]
[WhiteTeam "Norway"]
[BlackTeam "Slovenia"]
[WhiteTeamCountry "NOR"]
[BlackTeamCountry "SLO"]
[TimeControl "40/5400+30:1800+30"]

1. e4 e6 2. d4 d5 3. e5 c5 4. c3 Nc6 5. Nf3 Qb6 6. a3 a5 7. Bd3 Bd7 8. Bc2 f6 9. O-O fxe5 10. dxe5 g6 11. a4 Bg7 12. Re1 Nh6 13. Na3 O-O 14. Nb5 Nf7 15. Bf4 Nd6 16. exd6 Rxf4 17. Nc7 Raf8 18. Nxe6 Bxe6 19. Rxe6 Nd8 20. Qxd5 Nxe6 21. Qxe6+ Kh8 22. Rd1 Qxb2 23. d7 Rd8 24. Be4 Rf6 25. Qd5 Rff8 26. Rd2 Qxc3 27. Ng5 Bd4 28. Rxd4 Qe1# 0-1

[Event "ESTCC 50 2019"]
[Site "Mali Losinj"]
[Date "2019.09.26"]
[Round "9.11"]
[White "Mencinger, Vojko"]
[Black "Andersen, Per O"]
[Result "1-0"]
[ECO "B42"]
[WhiteElo "2332"]
[BlackElo "1971"]
[Annotator "NA"]
[PlyCount "61"]
[EventDate "2019.09.18"]
[EventType "team-tourn"]
[EventCountry "CRO"]
[SourceTitle "playchess.com"]
[Source "ChessBase"]
[SourceQuality "1"]
[WhiteTeam "Slovenia"]
[BlackTeam "Norway"]
[WhiteTeamCountry "SLO"]
[BlackTeamCountry "NOR"]
[TimeControl "40/5400+30:1800+30"]

1. e4 c5 2. Nc3 e6 3. Nf3 a6 4. d4 cxd4 5. Nxd4 Qc7 6. Bd3 Nf6 7. O-O d6 8. Kh1 Nbd7 9. f4 Be7 10. Qe2 O-O 11. Bd2 Nc5 12. Rae1 Nxd3 13. cxd3 Re8 14. Rc1 Qd8 15. g4 e5 16. Nf5 Bf8 17. g5 Nd7 18. Nd5 Nc5 19. Nh6+ gxh6 20. f5 Kh8 21. Rg1 Be6 22. gxh6 Qh4 23. Bg5 Qxg5 24. Rxg5 Bxh6 25. Qh5 Bxg5 26. Qxg5 Rg8 27. Qf6+ Rg7 28. Rg1 Rag8 29. Rxg7 Rxg7 30. fxe6 fxe6 31. Ne7 1-0

[Event "ESTCC 50 2019"]
[Site "Mali Losinj"]
[Date "2019.09.26"]
[Round "9.12"]
[White "Ortoft, Kai"]
[Black "Plesec, Damjan"]
[Result "1/2-1/2"]
[ECO "A44"]
[WhiteElo "1957"]
[BlackElo "2216"]
[Annotator "NA"]
[PlyCount "61"]
[EventDate "2019.09.18"]
[EventType "team-tourn"]
[EventCountry "CRO"]
[SourceTitle "playchess.com"]
[Source "ChessBase"]
[SourceQuality "1"]
[WhiteTeam "Norway"]
[BlackTeam "Slovenia"]
[WhiteTeamCountry "NOR"]
[BlackTeamCountry "SLO"]
[TimeControl "40/5400+30:1800+30"]

1. d4 c5 2. d5 e5 3. e4 d6 4. Nc3 Be7 5. Nf3 Bg4 6. h3 Bxf3 7. Qxf3 Bg5 8. Qg4 Bxc1 9. Bb5+ Kf8 10. Rxc1 a6 11. Be2 b5 12. O-O Nf6 13. Qf3 g6 14. a4 b4 15. Nd1 Kg7 16. b3 Nh5 17. g3 Qg5 18. Ne3 Nf4 19. h4 Nxe2+ 20. Qxe2 Qe7 21. Qg4 h5 22. Qf3 Nd7 23. Kg2 Nb6 24. Qe2 Rhc8 25. a5 Nd7 26. Nc4 Rf8 27. Ne3 Nf6 28. f3 Nd7 29. Qd3 Qd8 30. Ra1 Qe7 31. Rac1 1/2-1/2

[Event "ESTCC 50 2019"]
[Site "Mali Losinj"]
[Date "2019.09.26"]
[Round "9.13"]
[White "Ledger, Andrew J"]
[Black "Blatny, Pavel"]
[Result "1-0"]
[ECO "B00"]
[WhiteElo "2343"]
[BlackElo "2325"]
[Annotator "NA"]
[PlyCount "81"]
[EventDate "2019.09.18"]
[EventType "team-tourn"]
[EventCountry "CRO"]
[SourceTitle "playchess.com"]
[Source "ChessBase"]
[SourceQuality "1"]
[WhiteTeam "England"]
[BlackTeam "Czech Republic"]
[WhiteTeamCountry "ENG"]
[BlackTeamCountry "CZE"]
[TimeControl "40/5400+30:1800+30"]

1. e4 b6 2. d4 Bb7 3. Bd3 e6 4. Nf3 d6 5. O-O Nd7 6. Re1 g6 7. Nbd2 Bg7 8. Nf1 Ne7 9. c3 h6 10. Ng3 a6 11. a4 c5 12. Be3 Qc7 13. Qe2 e5 14. dxe5 dxe5 15. Red1 Nf6 16. b4 O-O 17. a5 c4 18. Bxc4 bxa5 19. Bc5 Rfc8 20. Rxa5 Nc6 21. Raa1 Nb8 22. Ba2 Ne8 23. Qc4 a5 24. h4 Na6 25. h5 g5 26. Nf5 Nxc5 27. bxc5 Ba6 28. Qa4 Qxc5 29. Bd5 Bb5 30. Qa2 Ra7 31. Rab1 Nf6 32. Bxf7+ Rxf7 33. Rxb5 Qf8 34. Nxe5 Nxe4 35. Nxf7 Nxc3 36. N7xh6+ Kh7 37. Qe6 Qe8 38. Qg6+ Qxg6 39. hxg6+ Kxg6 40. Rb6+ Bf6 41. Ne7+ 1-0

[Event "ESTCC 50 2019"]
[Site "Mali Losinj"]
[Date "2019.09.26"]
[Round "9.14"]
[White "Priehoda, Vitezslav"]
[Black "Lewis, Andrew P"]
[Result "1-0"]
[ECO "E99"]
[WhiteElo "2352"]
[BlackElo "2294"]
[Annotator "NA"]
[PlyCount "54"]
[EventDate "2019.09.18"]
[EventType "team-tourn"]
[EventCountry "CRO"]
[SourceTitle "playchess.com"]
[Source "ChessBase"]
[SourceQuality "1"]
[WhiteTeam "Czech Republic"]
[BlackTeam "England"]
[WhiteTeamCountry "CZE"]
[BlackTeamCountry "ENG"]
[TimeControl "40/5400+30:1800+30"]

1. d4 Nf6 2. c4 g6 3. Nc3 Bg7 4. e4 d6 5. Nf3 O-O 6. Be2 e5 7. O-O Nc6 8. d5 Ne7 9. Ne1 Nd7 10. Be3 f5 11. f3 f4 12. Bf2 g5 13. a4 a5 14. Nd3 b6 15. b4 axb4 16. Nxb4 Nf6 17. Nd3 Rf7 18. Be1 Bf8 19. Nb5 Rg7 20. a5 g4 21. axb6 Rxa1 22. bxc7 Qe8 23. Qxa1 g3 24. hxg3 fxg3 25. f4 Nxe4 26. fxe5 Nxd5 27. Qd4 Qd8 1-0

[Event "ESTCC 50 2019"]
[Site "Mali Losinj"]
[Date "2019.09.26"]
[Round "9.15"]
[White "Nelson, Jonathan P"]
[Black "Vokac, Marek"]
[Result "0-1"]
[ECO "A47"]
[WhiteElo "2183"]
[BlackElo "2332"]
[Annotator "NA"]
[PlyCount "76"]
[EventDate "2019.09.18"]
[EventType "team-tourn"]
[EventCountry "CRO"]
[SourceTitle "playchess.com"]
[Source "ChessBase"]
[SourceQuality "1"]
[WhiteTeam "England"]
[BlackTeam "Czech Republic"]
[WhiteTeamCountry "ENG"]
[BlackTeamCountry "CZE"]
[TimeControl "40/5400+30:1800+30"]

1. d4 Nf6 2. Nf3 e6 3. Bg5 c5 4. e3 b6 5. Bd3 Bb7 6. Nbd2 Be7 7. O-O O-O 8. c4 cxd4 9. exd4 d6 10. Re1 Nbd7 11. Nf1 Re8 12. Rc1 Rc8 13. Ng3 d5 14. b3 dxc4 15. bxc4 b5 16. c5 a6 17. a4 bxa4 18. Ra1 Bc6 19. Bxa6 Ra8 20. Bc4 Qa5 21. Bd2 Qc7 22. Ng5 Nf8 23. Ne2 Nd5 24. Ra3 Ng6 25. Bxd5 Bxd5 26. Rxa4 Bxg2 27. Rxa8 Bxa8 28. Nc3 Rd8 29. Qg4 Qc6 30. d5 Rxd5 31. Nxd5 Qxd5 32. Qe4 h6 33. Qxd5 Bxd5 34. Nh3 Nh4 35. Rd1 Nf3+ 36. Kf1 Nxh2+ 37. Ke1 Nf3+ 38. Ke2 g5 0-1

[Event "ESTCC 50 2019"]
[Site "Mali Losinj"]
[Date "2019.09.26"]
[Round "9.16"]
[White "Konopka, Michal"]
[Black "Ledger, Stephen C"]
[Result "1-0"]
[ECO "D11"]
[WhiteElo "2351"]
[BlackElo "2000"]
[Annotator "NA"]
[PlyCount "45"]
[EventDate "2019.09.18"]
[EventType "team-tourn"]
[EventCountry "CRO"]
[SourceTitle "playchess.com"]
[Source "ChessBase"]
[SourceQuality "1"]
[WhiteTeam "Czech Republic"]
[BlackTeam "England"]
[WhiteTeamCountry "CZE"]
[BlackTeamCountry "ENG"]
[TimeControl "40/5400+30:1800+30"]

1. Nf3 d5 2. d4 Bf5 3. c4 e6 4. Nc3 c6 5. Qb3 Qb6 6. c5 Qxb3 7. axb3 Na6 8. e4 dxe4 9. Bxa6 bxa6 10. Ne5 Ne7 11. Rxa6 f6 12. Nc4 Nc8 13. Rxc6 Kd7 14. Na5 Be7 15. Bf4 Bd8 16. Ra6 Bxa5 17. Rxa5 Ne7 18. O-O Nc6 19. Ra6 e5 20. dxe5 fxe5 21. Bg3 Rab8 22. Rd1+ Kc7 23. Rd6 1-0

[Event "ESTCC 50 2019"]
[Site "Mali Losinj"]
[Date "2019.09.26"]
[Round "9.17"]
[White "Druckenthaner, Andreas"]
[Black "Burchardt, Brigitte"]
[Result "1/2-1/2"]
[ECO "B25"]
[WhiteElo "2283"]
[BlackElo "2092"]
[Annotator "NA"]
[PlyCount "95"]
[EventDate "2019.09.18"]
[EventType "team-tourn"]
[EventCountry "CRO"]
[SourceTitle "playchess.com"]
[Source "ChessBase"]
[SourceQuality "1"]
[WhiteTeam "Austria"]
[BlackTeam "Germany"]
[WhiteTeamCountry "AUT"]
[BlackTeamCountry "GER"]
[TimeControl "40/5400+30:1800+30"]

1. e4 c5 2. Nc3 Nc6 3. g3 g6 4. Bg2 Bg7 5. d3 d6 6. Nh3 Nf6 7. O-O O-O 8. f3 Rb8 9. Be3 Bd7 10. Qd2 Qc8 11. Nf2 Re8 12. Ne2 b6 13. d4 e5 14. c3 Rd8 15. g4 Qc7 16. Rac1 Ne7 17. Ng3 Bb5 18. Rfd1 d5 19. g5 Ne8 20. Qe1 dxe4 21. fxe4 Nd6 22. b3 c4 23. Ng4 Ne8 24. Qf2 Nc6 25. Bf1 Ba6 26. d5 Na5 27. b4 Nb7 28. Be2 Nbd6 29. h4 Bc8 30. Nf6+ Kh8 31. h5 Qe7 32. Rf1 Rb7 33. Qf3 Qf8 34. Rf2 Nxf6 35. gxf6 Bh6 36. Rh2 Bxe3+ 37. Qxe3 Qg8 38. Qg5 Re8 39. Kf2 gxh5 40. Qxg8+ Rxg8 41. Rxh5 Rg6 42. Rch1 Rxf6+ 43. Bf3 Kg8 44. Rxh7 Kf8 45. Rh8+ Ke7 46. R1h6 Rxh6 47. Rxh6 a5 48. a4 1/2-1/2

[Event "ESTCC 50 2019"]
[Site "Mali Losinj"]
[Date "2019.09.26"]
[Round "9.18"]
[White "Wagner-Michel, Annett"]
[Black "Opl, Klaus"]
[Result "0-1"]
[ECO "C45"]
[WhiteElo "2055"]
[BlackElo "2207"]
[Annotator "NA"]
[PlyCount "68"]
[EventDate "2019.09.18"]
[EventType "team-tourn"]
[EventCountry "CRO"]
[SourceTitle "playchess.com"]
[Source "ChessBase"]
[SourceQuality "1"]
[WhiteTeam "Germany"]
[BlackTeam "Austria"]
[WhiteTeamCountry "GER"]
[BlackTeamCountry "AUT"]
[TimeControl "40/5400+30:1800+30"]

1. e4 e5 2. Nf3 Nc6 3. d4 exd4 4. Nxd4 Bc5 5. Nb3 Bb6 6. Nc3 Nge7 7. a4 a6 8. Be2 O-O 9. O-O d6 10. Bg5 f6 11. Bf4 f5 12. Qd2 fxe4 13. Nxe4 Bf5 14. Bf3 Ng6 15. Bg5 Qd7 16. Ng3 Be6 17. a5 Ba7 18. Bd5 Bxd5 19. Qxd5+ Kh8 20. Rae1 Rae8 21. Bd2 Rxe1 22. Bxe1 Nf4 23. Qd1 Qe6 24. Kh1 Nd5 25. c3 Nf4 26. f3 Qe5 27. Bf2 Bxf2 28. Rxf2 Nxa5 29. Nxa5 Qxa5 30. Rf1 Qb5 31. Rf2 Qe5 32. Ne4 d5 33. Nc5 Qe3 34. Nd7 Qxf2 0-1

[Event "ESTCC 50 2019"]
[Site "Mali Losinj"]
[Date "2019.09.26"]
[Round "9.19"]
[White "Watzka, Horst"]
[Black "Kierzek, Mira"]
[Result "1/2-1/2"]
[ECO "C14"]
[WhiteElo "2187"]
[BlackElo "2015"]
[Annotator "NA"]
[PlyCount "64"]
[EventDate "2019.09.18"]
[EventType "team-tourn"]
[EventCountry "CRO"]
[SourceTitle "playchess.com"]
[Source "ChessBase"]
[SourceQuality "1"]
[WhiteTeam "Austria"]
[BlackTeam "Germany"]
[WhiteTeamCountry "AUT"]
[BlackTeamCountry "GER"]
[TimeControl "40/5400+30:1800+30"]

1. e4 e6 2. d4 d5 3. Nc3 Nf6 4. Bg5 Be7 5. e5 Nfd7 6. h4 a6 7. Nf3 h6 8. Bxe7 Qxe7 9. Qd2 c5 10. Ne2 Nc6 11. c3 cxd4 12. cxd4 Qb4 13. Qxb4 Nxb4 14. Kd2 O-O 15. Nf4 Nb6 16. b3 Bd7 17. Bd3 Rac8 18. Rhc1 Rfe8 19. g4 Rxc1 20. Kxc1 Rc8+ 21. Kb2 Na8 22. a3 Nxd3+ 23. Nxd3 b6 24. Rg1 Kh7 25. g5 Nc7 26. Nf4 Ne8 27. h5 Rc7 28. Rg3 a5 29. a4 Bc8 30. Rg1 Re7 31. Kc3 Rc7+ 32. Kd2 Re7 1/2-1/2

[Event "ESTCC 50 2019"]
[Site "Mali Losinj"]
[Date "2019.09.26"]
[Round "9.20"]
[White "Leib, Britta"]
[Black "Ernst, Michael"]
[Result "1/2-1/2"]
[ECO "C10"]
[WhiteElo "1883"]
[BlackElo "2199"]
[Annotator "NA"]
[PlyCount "59"]
[EventDate "2019.09.18"]
[EventType "team-tourn"]
[EventCountry "CRO"]
[SourceTitle "playchess.com"]
[Source "ChessBase"]
[SourceQuality "1"]
[WhiteTeam "Germany"]
[BlackTeam "Austria"]
[WhiteTeamCountry "GER"]
[BlackTeamCountry "AUT"]
[TimeControl "40/5400+30:1800+30"]

1. e4 e6 2. d4 d5 3. Nd2 dxe4 4. Nxe4 Bd7 5. Nf3 Bc6 6. Bd3 Nd7 7. O-O Ngf6 8. Bg5 Be7 9. Nxf6+ Bxf6 10. Be3 O-O 11. c3 h6 12. Qe2 e5 13. dxe5 Bxf3 14. gxf3 Bxe5 15. f4 Bd6 16. Qf3 c6 17. Rad1 Qf6 18. Qg4 Qe7 19. Bd4 Nf6 20. Qf5 Rfe8 21. Rd2 Qe6 22. Bxf6 Qxf6 23. Qxf6 gxf6 24. Bc4 Rad8 25. Rfd1 Bc7 26. Rxd8 Rxd8 27. Rxd8+ Bxd8 28. Kg2 Kg7 29. Bd3 Kf8 30. Kf3 1/2-1/2

[Event "ESTCC 50 2019"]
[Site "Mali Losinj"]
[Date "2019.09.26"]
[Round "9.21"]
[White "Sulc, Damir"]
[Black "Jackson, Sheila"]
[Result "1/2-1/2"]
[ECO "C92"]
[WhiteElo "2207"]
[BlackElo "2046"]
[Annotator "NA"]
[PlyCount "90"]
[EventDate "2019.09.18"]
[EventType "team-tourn"]
[EventCountry "CRO"]
[SourceTitle "playchess.com"]
[Source "ChessBase"]
[SourceQuality "1"]
[WhiteTeam "Croatia"]
[BlackTeam "England"]
[WhiteTeamCountry "CRO"]
[BlackTeamCountry "ENG"]
[TimeControl "40/5400+30:1800+30"]

1. e4 e5 2. Nf3 Nc6 3. Bb5 a6 4. Ba4 Nf6 5. O-O Be7 6. Re1 b5 7. Bb3 d6 8. c3 O-O 9. h3 Nd7 10. d4 Bf6 11. Be3 Bb7 12. d5 Na5 13. Bc2 Nc4 14. Bc1 h6 15. Nbd2 Nxd2 16. Bxd2 Nb6 17. Qe2 Nc4 18. Bc1 c6 19. dxc6 Bxc6 20. b3 Nb6 21. Ba3 Qc7 22. Rac1 Rfd8 23. Bd3 Qb7 24. Bb4 a5 25. Ba3 Nc8 26. c4 b4 27. Bb2 Ne7 28. c5 Ng6 29. g3 Be7 30. h4 dxc5 31. h5 Nf8 32. Nxe5 Be8 33. Bc4 Qc8 34. Bd5 Ra7 35. Qc4 Bd6 36. Kg2 Ne6 37. f4 a4 38. Rcd1 axb3 39. axb3 Ra2 40. Re2 Nxf4+ 41. gxf4 Bxe5 42. Bxe5 Qg4+ 43. Kf2 Qh4+ 44. Kg2 Qg4+ 45. Kf2 Qh4+ 1/2-1/2

[Event "ESTCC 50 2019"]
[Site "Mali Losinj"]
[Date "2019.09.26"]
[Round "9.22"]
[White "Mashayekh, Majid"]
[Black "Dusper, Hrvoje"]
[Result "1-0"]
[ECO "E62"]
[WhiteElo "1875"]
[BlackElo "2221"]
[Annotator "NA"]
[PlyCount "111"]
[EventDate "2019.09.18"]
[EventType "team-tourn"]
[EventCountry "CRO"]
[SourceTitle "playchess.com"]
[Source "ChessBase"]
[SourceQuality "1"]
[WhiteTeam "England"]
[BlackTeam "Croatia"]
[WhiteTeamCountry "ENG"]
[BlackTeamCountry "CRO"]
[TimeControl "40/5400+30:1800+30"]

1. Nf3 Nf6 2. d4 g6 3. g3 Bg7 4. Bg2 O-O 5. O-O d6 6. c4 c6 7. Nc3 Bf5 8. Nh4 Bg4 9. Qb3 Qc7 10. Re1 e5 11. d5 Na6 12. e4 Nc5 13. Qc2 cxd5 14. cxd5 Rac8 15. Be3 Bd7 16. f3 b5 17. Bf1 b4 18. Nd1 Qa5 19. Qf2 Nb3 20. axb3 Qxa1 21. Bc4 Qa5 22. Bxa7 Bb5 23. Ne3 Nd7 24. Bxb5 Qxb5 25. Nc4 Qa6 26. Be3 f5 27. exf5 gxf5 28. f4 e4 29. Qe2 Nc5 30. Bxc5 Rxc5 31. Rd1 Ra5 32. Rd2 Ra1+ 33. Kg2 Qa7 34. Nxd6 Qg1+ 35. Kh3 e3 36. Rc2 Qf1+ 37. Qxf1 Rxf1 38. Nhxf5 Rf2 39. Nxe3 Rxc2 40. Nxc2 Bxb2 41. Nc4 Bc3 42. Kg4 Re8 43. Kf3 Kf8 44. g4 Ke7 45. h4 Kd7 46. g5 Kc7 47. h5 Rd8 48. N2e3 Bd4 49. Ke4 Bxe3 50. Nxe3 Kd7 51. f5 Re8+ 52. Kd4 Ke7 53. Ng4 Rc8 54. f6+ Kf8 55. g6 hxg6 56. hxg6 1-0

[Event "ESTCC 50 2019"]
[Site "Mali Losinj"]
[Date "2019.09.26"]
[Round "9.23"]
[White "Martic, Zlatko"]
[Black "Wood, Peter R"]
[Result "1-0"]
[ECO "A61"]
[WhiteElo "2283"]
[BlackElo "1884"]
[Annotator "NA"]
[PlyCount "91"]
[EventDate "2019.09.18"]
[EventType "team-tourn"]
[EventCountry "CRO"]
[SourceTitle "playchess.com"]
[Source "ChessBase"]
[SourceQuality "1"]
[WhiteTeam "Croatia"]
[BlackTeam "England"]
[WhiteTeamCountry "CRO"]
[BlackTeamCountry "ENG"]
[TimeControl "40/5400+30:1800+30"]

1. d4 Nf6 2. Nf3 e6 3. c4 c5 4. d5 exd5 5. cxd5 d6 6. Nc3 g6 7. h3 a6 8. a4 Bg7 9. Bf4 Qe7 10. Nd2 O-O 11. Nc4 Ne8 12. e3 Nd7 13. Be2 Ne5 14. Nb6 Rb8 15. O-O Nf6 16. Qb3 Nfd7 17. a5 Qd8 18. Nca4 Nxb6 19. Nxb6 Re8 20. Rac1 g5 21. Bh2 g4 22. Nxc8 Qxc8 23. hxg4 Qd8 24. Qb6 Qxb6 25. axb6 Rbc8 26. g5 c4 27. Rfd1 Rc5 28. Rd2 Rec8 29. f4 Nd3 30. Bxd3 cxd3 31. Rxc5 Rxc5 32. Rxd3 Rc1+ 33. Kf2 Rc2+ 34. Kf3 Bxb2 35. f5 Rc3 36. Rxc3 Bxc3 37. Bxd6 a5 38. Ke4 f6 39. gxf6 Bxf6 40. Be5 Be7 41. Bc7 Kf7 42. d6 Bf6 43. d7 a4 44. d8=Q Bxd8 45. Bxd8 a3 46. Bc7 1-0

[Event "ESTCC 50 2019"]
[Site "Mali Losinj"]
[Date "2019.09.26"]
[Round "9.24"]
[White "Denning, Julie L"]
[Black "Tirkajla, Boris"]
[Result "0-1"]
[ECO "A80"]
[WhiteElo "1629"]
[BlackElo "2060"]
[Annotator "NA"]
[PlyCount "78"]
[EventDate "2019.09.18"]
[EventType "team-tourn"]
[EventCountry "CRO"]
[SourceTitle "playchess.com"]
[Source "ChessBase"]
[SourceQuality "1"]
[WhiteTeam "England"]
[BlackTeam "Croatia"]
[WhiteTeamCountry "ENG"]
[BlackTeamCountry "CRO"]
[TimeControl "40/5400+30:1800+30"]

1. d4 f5 2. Bf4 Nf6 3. e3 g6 4. h4 h6 5. Nf3 d6 6. Nc3 Bg7 7. Bd3 O-O 8. Qd2 Nc6 9. e4 Ng4 10. O-O-O e6 11. exf5 gxf5 12. Bf1 Ne7 13. h5 Bd7 14. Nh2 Nxh2 15. Rxh2 Rf6 16. g4 Qf8 17. g5 hxg5 18. Bxg5 Bh6 19. Rg2 Kh7 20. f4 Rf7 21. Bd3 Ng8 22. Rdg1 Nf6 23. Qe2 Kh8 24. Bxf6+ Rxf6 25. Qf3 c6 26. Rg6 Be8 27. R6g3 Bf7 28. Ne2 e5 29. dxe5 dxe5 30. Qh1 e4 31. Bxe4 fxe4 32. Qxe4 Re8 33. Qd4 Qd6 34. Qxd6 Rxd6 35. R3g2 Bc4 36. Nc3 Bxf4+ 37. Kb1 Rde6 38. b3 Re1+ 39. Rxe1 Rxe1+ 0-1